 Dungeon Crawl Stone Soup version 0.30-a0-311-gf115ab0292 (webtiles) character file.

Game seed: 5390837420605254042

546 Devinter the Shooter (level 7, -5/38 HPs)
             Began as a Deep Elf Hexslinger on Oct 25, 2022.
             Was an Initiate of Sif Muna.
             Killed from afar by Blork the orc (9 damage)
             ... with a puff of flame
             ... on level 5 of the Dungeon.
             The game lasted 00:34:00 (3646 turns).

Devinter the Shooter (Deep Elf Hexslinger)          Turns: 3646, Time: 00:34:07

Health: -5/38      AC:  7    Str:  6 (7)  XL:     7   Next: 6%
Magic:  7/13       EV: 13    Int: 23 (26) God:    Sif Muna [......]
Gold:   282        SH:  0    Dex: 17 (19) Spells: 2/12 levels left

rFire   . . .      SeeInvis .    G - +0 shortbow
rCold   + . .      Faith    .    (shield currently unavailable)
rNeg    . . .      Spirit   .    c - +0 robe
rPois   +          Reflect  .    A - +0 helmet
rElec   .          Harm     .    L - +0 cloak
rCorr   .          Rampage  .    g - +1 pair of gloves
Will    .....                    y - +0 pair of boots
Stlth   ++........               (no amulet)
HPRegen 0.26/turn                m - +6 ring of intelligence
MPRegen 0.13/turn                s - ring of Loroq {rPois Dex+4}

@: unable to drink
A: cold resistance 1, inability to drink after injury 1
a: Renounce Religion


You were on level 5 of the Dungeon.
You worshipped Sif Muna.
Sif Muna was noncommittal.
You visited 2 branches of the dungeon, and saw 6 of its levels.

You collected 282 gold pieces.

Inventory:

Hand Weapons
 a - a +1 sling
 e - a +0 dagger
 h - a +0 short sword
 i - a +0 spear
 D - a +0 rapier
 G - a +0 shortbow (weapon)
 I - a +4 dire flail of holy wrath
 P - a +0 trident
Missiles
 f - 39 stones
 u - 5 javelins
 v - 4 poisoned darts
Armour
 c - a +0 robe (worn)
 g - a +1 pair of gloves (worn)
 y - a +0 pair of boots (worn)
 A - a +0 helmet (worn)
 L - a +0 cloak (worn)
Magical Staves
 O - a staff of air
Jewellery
 m - a +6 ring of intelligence (left hand)
 s - the ring of Loroq (right hand) {rPois Dex+4}
   (You found it on level 2 of the Dungeon)

   [ring of poison resistance]

   Dex:       It affects your dexterity (+4).
   rPois:     It protects you from poison.
 x - an amulet of guardian spirit
Wands
 E - a wand of acid (9)
 H - a wand of flame (13)
Scrolls
 b - a scroll of poison
 j - 4 scrolls of identify {unknown}
 k - 2 scrolls of acquirement {unknown}
 l - 3 scrolls of blinking {unknown}
 o - 2 scrolls of fear {unknown}
 p - 5 scrolls of teleportation {unknown}
 q - a scroll of immolation {unknown}
 r - 2 scrolls of noise {unknown}
 z - a scroll of silence {unknown}
 B - a scroll of torment {unknown}
 J - a scroll of enchant armour {unknown}
 K - a scroll of enchant weapon {unknown}
 M - a scroll of brand weapon {unknown}
 N - a scroll of amnesia {unknown}
Potions
 d - 3 potions of curing
 n - a potion of magic {unknown}
 t - a potion of degeneration
 w - 2 potions of mutation
 C - 2 potions of heal wounds {unknown}
 F - a potion of flight {unknown}


   Skills:
 - Level 1.0 Fighting
 - Level 2.0 Polearms
 + Level 7.4 Ranged Weapons
 - Level 3.0 Dodging
 - Level 2.0 Stealth
 - Level 3.0 Spellcasting
 - Level 4.0 Hexes
 - Level 2.0 Translocations
 - Level 2.0 Fire Magic


You had 2 spell levels left.
You knew the following spells:

 Your Spells              Type           Power      Damage    Failure   Level
a - Slow                  Hex            84%        N/A       2%          1
b - Portal Projectile     Hex/Tloc       34%        N/A       10%         3
c - Inner Flame           Hex/Fire       17%        N/A       10%         3
d - Tukima's Dance        Hex            21%        N/A       7%          3

Your spell library contained the following spells:

 Spells                   Type           Power      Damage    Failure   Level
 Cause Fear               Hex            10%        N/A       22%         4
 Passage of Golubria      Tloc           12%        N/A       45%         4
 Yara's Violent Unravell  Hex/Tmut       6%         3d5       80%         5


Dungeon Overview and Level Annotations

Branches:
Dungeon (5/15)             Temple (1/1) D:4

Altars:
Ashenzari
Cheibriados
Dithmenos
Elyvilon
Fedhas
Gozag
Hepliaklqana
Kikubaaqudgha
Nemelex Xobeh
Sif Muna
Trog
Uskayaw
Vehumet
Wu Jian
Xom
The Shining One

Shops:
D:2 (

Annotations:
D:5 3 runed translucent doors, Blork the orc; foxfromabyss's ghost, novice KoBe


Innate Abilities, Weirdness & Mutations

Your flesh is cold resistant. (rC+)
You occasionally lose the ability to drink potions when taking damage.


Message History

Press: ? - help, Shift-Dir - straight line, f/p - Blork the orc
Aim: Blork the orc, wielding a +0 short sword of flaming and wearing a +0 robe (almost dead, fast, slow, chance to affect: 55%)
Okay, then.
Casting: Slow (safe; 1% risk of failure)
Confirm with . or Enter, or press ? or * to list all spells.
Aiming: Tukima's Dance (dangerous; 5% risk of failure)
Press: ? - help, Shift-Dir - straight line, f/p - Blork the orc
Aim: Blork the orc, wielding a +0 short sword of flaming and wearing a +0 robe (almost dead, fast, slow, chance to affect: 55%) Blork the orc resists with significant effort.
Blork the orc is no longer moving slowly.
Blork the orc gestures at you while chanting.
The puff of frost misses you.
Casting: Tukima's Dance (dangerous; 5% risk of failure)
Confirm with . or Enter, or press ? or * to list all spells.
Aiming: Slow (safe; 1% risk of failure)
Press: ? - help, Shift-Dir - straight line, f/p - Blork the orc
Aim: Blork the orc, wielding a +0 short sword of flaming and wearing a +0 robe (almost dead, fast, chance to affect: 55%) Blork the orc resists with significant effort.
Blork the orc misses you.
Unknown command.
Casting: Slow (safe; 1% risk of failure)
Confirm with . or Enter, or press ? or * to list all spells.
Aiming: Slow (safe; 1% risk of failure)
Press: ? - help, Shift-Dir - straight line, f/p - Blork the orc
Aim: Blork the orc, wielding a +0 short sword of flaming and wearing a +0 robe (almost dead, fast, chance to affect: 55%) Blork the orc seems to slow down.
Blork the orc points at you and mumbles some strange words.
The puff of flame hits you!
* * * LOW HITPOINT WARNING * * *
It was a potion of degeneration.
There was something very wrong with that liquid.
You feel weakened.
You feel dopey.
You feel clumsy.
Blork the orc hits you but does no damage.
It was a potion of mutation.
You feel extremely strange.
You occasionally lose the ability to drink potions when taking damage.
You feel resistant to cold. Blork the orc casts a spell at you.
The puff of flame hits you!
You feel threatened and lose the ability to drink potions!
You die...

#......># ####
#.......# #...
#.......# ##.##
#.......####..#
#............##
#..........###
#.......##[##
#####[......##..#
#
#.o@..>.....###.#
# ##.###.......#
#.#### ##..#
####.#### #.[...
#..#### #.#
##.##. #.....# .#
####.##.
####n.....)
........ .......
........ .....!.
######.. .......
.....#..


You could see Blork the orc (fast, slow).

Vanquished Creatures
  Edmund (D:4)
  A centaur (D:4)
  A necrophage (D:5)
  A jelly (D:5)
  An orc priest (D:5)
  2 iguanas (D:5)
  Ijyb (D:4)
  5 adders
  A white imp (D:5)
  An ufetubus (D:5)
  A worm (D:5)
  2 dart slugs (D:1)
  5 orcs
  10 bats
  8 endoplasms
  4 giant cockroaches
  10 hobgoblins
  3 jackals (D:1)
  11 kobolds
  3 quokkas
  5 ball pythons
  2 frilled lizards
  8 goblins
  5 rats
92 creatures vanquished.

Notes
Turn   | Place    | Note
-------+----------+-------------------------------------------
     0 | D:1      | Devinter the Deep Elf Hexslinger began the quest for the
                  | Orb.
     0 | D:1      | Reached XP level 1. HP: 11/11 MP: 5/5
   154 | D:1      | Reached skill level 1 in Fighting
   195 | D:1      | Reached skill level 3 in Ranged Weapons
   237 | D:1      | Reached skill level 2 in Spellcasting
   253 | D:1      | Reached XP level 2. HP: 16/16 MP: 7/7
   443 | D:1      | Reached skill level 3 in Dodging
   636 | D:1      | Reached skill level 4 in Ranged Weapons
   636 | D:1      | Reached XP level 3. HP: 20/20 MP: 6/8
   702 | D:1      | Learned a level 3 spell: Portal Projectile
  1019 | D:2      | Identified the ring of Loroq {rPois Dex+4}
  1060 | D:2      | Reached skill level 1 in Stealth
  1112 | D:2      | Reached skill level 2 in Stealth
  1317 | D:2      | Found Seast's Weapon Emporium.
  1333 | D:2      | Reached XP level 4. HP: 25/25 MP: 9/9
  1493 | D:3      | Reached skill level 1 in Translocations
  1553 | D:3      | Found a white marble altar of Elyvilon.
  1907 | D:4      | Learned a level 3 spell: Inner Flame
  2296 | D:4      | Noticed a centaur
  2304 | D:4      | Noticed Ijyb
  2307 | D:4      | Killed a centaur
  2307 | D:4      | Killed Ijyb
  2308 | D:4      | Reached skill level 1 in Polearms
  2308 | D:4      | Reached skill level 5 in Ranged Weapons
  2308 | D:4      | Reached skill level 2 in Translocations
  2308 | D:4      | Reached skill level 1 in Fire Magic
  2308 | D:4      | Reached XP level 5. HP: 14/29 MP: 8/10
  2398 | D:4      | Found a staircase to the Ecumenical Temple.
  2412 | Temple   | Entered the Ecumenical Temple
  2412 | Temple   | Found a transporter.
  2412 | Temple   | Found a transporter.
  2414 | Temple   | Found a transporter.
  2414 | Temple   | Found a transporter.
  2440 | Temple   | Became a worshipper of Sif Muna the Loreminder
  2526 | D:4      | Noticed Edmund
  2593 | D:4      | Killed Edmund
  2594 | D:4      | Reached skill level 2 in Polearms
  2594 | D:4      | Reached skill level 2 in Fire Magic
  2594 | D:4      | Reached XP level 6. HP: 34/34 MP: 10/12
  2896 | D:4      | Learned a level 3 spell: Tukima's Dance
  3013 | D:5      | Entered Level 5 of the Dungeon
  3067 | D:5      | Reached skill level 3 in Spellcasting
  3098 | D:5      | Noticed a troll
  3103 | D:5      | Found a runed translucent gate.
  3103 | D:5      | Found a runed translucent gate.
  3103 | D:5      | Found a runed translucent gate.
  3104 | D:5      | Noticed foxfromabyss's ghost (novice KoBe)
  3183 | D:5      | Reached skill level 6 in Ranged Weapons
  3571 | D:5      | Reached skill level 7 in Ranged Weapons
  3620 | D:5      | Noticed Blork the orc
  3637 | D:5      | Reached XP level 7. HP: 38/38 MP: 11/13
  3644 | D:5      | HP: 3/38 [Blork the orc/puff of flame (10)]
  3646 | D:5      | Gained mutation: You occasionally lose the ability to drink
                  | potions when taking damage. [potion of mutation]
  3646 | D:5      | Gained mutation: Your flesh is cold resistant. (rC+)
                  | [potion of mutation]
  3646 | D:5      | Killed from afar by Blork the orc

Illustrated notes

Levels and vault maps discovered:
D:1:      psy_arrival_statuary, layout_basic
D:2:      layout_rooms, serial_shops, nicolae_shop_waterfront, solitary_fountain
D:3:      layout_rooms, nicolae_elyvilon_peaceful_grove
D:4:      layout_loops_corners, minmay_temple_entry_antechambers,
          corexii_hall_statues_l, kennysheep_pointless_box,
          minmay_goblin_kobold_house, uniq_ijyb, uniq_edmund
D:5:      layout_rooms, gammafunk_ghost_split, kennysheep_generic_room_11,
          uniq_blork_the_orc
Temple:   hellmonk_temple_divided_pantheon

Skill      XL: |  1  2  3  4  5  6 |
---------------+-------------------+-----
Fighting       | 1 |  1.0
Ranged Weapons | 3 4 5 7 |  7.4
Spellcasting   | 2 3 |  3.0
Dodging        | 3 |  3.0
Stealth        | 2 |  2.0
Translocations | 2 |  2.0
Polearms       | 1 2 |  2.0
Fire Magic     | 1 2 |  2.0
Hexes          | |  4.0

Action                   |  1- 3 |  4- 6 |  7- 9 || total
-------------------------+-------+-------+-------++-------
 Fire: Sling             |   182 |    84 |       ||   266
       Shortbow          |       |    90 |     5 ||    95
 Cast: Slow              |    17 |    39 |     2 ||    58
       Portal Projectile |       |     1 |       ||     1
       Inner Flame       |       |     1 |       ||     1
       Tukima's Dance    |       |       |     1 ||     1
Evoke: Wand              |       |     2 |       ||     2
  Use: Potion            |       |     1 |     2 ||     3
Armor: Robe              |    45 |    28 |     1 ||    74
Dodge: Dodged            |    91 |    74 |     4 ||   169

Table legend: (Time is in decaauts)
 A = Elapsed time spent in this place.
 B = Non-inter-level travel time spent in this place.
 C = Inter-level travel time spent in this place.
 D = Time resting spent in this place.
 E = Time spent auto-exploring this place.
 F = Levels seen in this place.
 G = Mean time per level.
                   A        B        C        D        E       F      G
               +--------+--------+--------+--------+--------+-----+--------+
         Total |   3717 |   3617 |    100 |    214 |    954 |   6 |  619.5 |
       Dungeon |   3672 |   3574 |     98 |    214 |    954 |   5 |  734.4 |
        Temple |     44 |     42 |      2 |      0 |      0 |   1 |   44.0 |
               +--------+--------+--------+--------+--------+-----+--------+

Top non-repeatable levels by time:
     D:4: 1182 daAuts
     D:1: 989 daAuts
     D:5: 537 daAuts
     D:2: 512 daAuts
     D:3: 449 daAuts
  Temple: 44 daAuts
